 Dungeon Crawl Stone Soup version 0.27.1 (webtiles) character file.

Game seed: 2030794175670933878

382815 emme the Demonic Blade (level 21, 0/184 HPs)
             Began as a Demonspawn Gladiator on Aug 30, 2021.
             Was the Champion of Okawaru.
             Slain by a stone giant (27 damage)
             ... on level 4 of the Vaults.
             The game lasted 03:41:01 (60112 turns).

emme the Demonic Blade (Demonspawn Gladiator)      Turns: 60112, Time: 03:41:02

Health: 0/184      AC: 55    Str: 21    XL:     21   Next: 93%
Magic:  23/23      EV: 12    Int: 14    God:    Okawaru [******]
Gold:   3426       SH:  4    Dex: 30    Spells: 20/20 levels left

rFire    + + .     SeeInvis .   c - +7 triple sword of Purpose {vorpal, +Blink rPois Int+4 Dex+3}
rCold    . . .     Faith    .   (shield currently unavailable)
rNeg     . . .     Spirit   .   A - +17 crystal plate armour of Egriafoc {Will++}
rPois    +         Reflect  .   (helmet unavailable)
rElec    .         Harm     .   j - scarf {repulsion}
rCorr    .         Rampage  +   S - +2 pair of gloves {Dex+3}
Will     ++++.                  v - +2 pair of boots {rampage}
Stlth    ..........             a - amulet of regeneration
HPRegen  1.40/turn              o - ring of protection from fire
MPRegen  0.18/turn              N - ring of protection from fire

@: about to teleport, studying Dodging, repel missiles
A: horns 3, thin skeletal structure 3, demonic guardian 2, icemail 2,
condensation shield, corrupting presence 1, strong-willed 1, screaming 1, wild
magic 1
}: 2/15 runes: decaying, serpentine
a: Renounce Religion, Evoke Blink, Heroism, Finesse


You were on level 4 of the Vaults.
You worshipped Okawaru.
Okawaru was exalted by your worship.
You visited 9 branches of the dungeon, and saw 40 of its levels.
You also visited: Bailey.

You collected 4562 gold pieces.
You spent 1136 gold pieces at shops.

Inventory:

Hand Weapons
 c - the +7 triple sword of Purpose (weapon) {vorpal, +Blink rPois Int+4 Dex+3}
   (Okawaru gifted it to you on level 6 of the Lair of Beasts)

   It inflicts extra damage upon your enemies.
   Int:       It affects your intelligence (+4).
   Dex:       It affects your dexterity (+3).
   rPois:     It protects you from poison.
   +Blink:    It lets you blink.
 E - the +8 great sword of Cielueti {vorpal, rC+ rN+ SInv}
   (You took it off an orc on level 6 of the Dungeon)

   It inflicts extra damage upon your enemies.
   rC:        It protects you from cold.
   rN:        It protects you from negative energy.
   SInv:      It lets you see invisible.
 G - the +8 frozen axe "Frostbite" {freezing cloud, *Noise Fly rC+}
   (You found it in a bailey)

   It freezes those it strikes, dealing additional cold damage.
   It can also slow down cold-blooded creatures.
   It occasionally leaves clouds of freezing vapour upon striking a foe.
   It grants immunity to clouds of freezing vapour.
   rC:        It protects you from cold.
   Fly:       It grants you flight.
   *Noise:    It may make noises in combat.
Missiles
 d - 4 throwing nets (quivered)
Armour
 j - a scarf of repulsion (worn)
 v - a +2 pair of boots of rampaging (worn)
 A - the +17 crystal plate armour of Egriafoc (worn) {Will++}
   (You acquired it on level 15 of the Dungeon)

   Will:      It greatly increases your willpower.
 L - a scarf of resistance
 S - a +2 pair of gloves of dexterity (worn)
Jewellery
 a - an amulet of regeneration (around neck)
 b - a ring of positive energy
 o - a ring of protection from fire (left hand)
 D - a +4 ring of evasion
 H - a ring of protection from cold
 N - a ring of protection from fire (right hand)
 Z - a ring of poison resistance
Wands
 n - a wand of mindburst (42)
 z - a wand of flame (168)
 I - a wand of acid (18)
 O - a wand of paralysis (45)
 X - a wand of digging (26)
 Y - a wand of iceblast (32)
Scrolls
 f - 4 scrolls of enchant armour
 h - 9 scrolls of noise
 i - 4 scrolls of fog
 l - 6 scrolls of amnesia
 r - 2 scrolls of enchant weapon
 s - 7 scrolls of magic mapping
 u - 4 scrolls of holy word
 w - 5 scrolls of blinking
 y - 4 scrolls of vulnerability
 M - a scroll of silence
 P - 10 scrolls of teleportation
 R - 4 scrolls of identify
 T - 3 scrolls of summoning
 V - 4 scrolls of fear
Potions
 e - 4 potions of flight
 g - 8 potions of haste
 k - 5 potions of lignification
 m - 2 potions of cancellation
 p - 3 potions of resistance
 t - a potion of ambrosia
 x - 8 potions of curing
 B - 9 potions of brilliance
 C - 2 potions of berserk rage
 F - 3 potions of invisibility
 J - 2 potions of mutation
 K - 2 potions of might
 Q - 4 potions of attraction
 U - 3 potions of magic
 W - 2 potions of heal wounds


   Skills:
 * Level 20.6 Fighting
 * Level 21.2 Long Blades
 + Level 13.5 Axes
 + Level 1.7 Throwing
 * Level 14.8 Armour
 * Level 11.7 Dodging
 - Level 5.8 Stealth
 + Level 3.3 Invocations
 + Level 3.8 Evocations


You had 20 spell levels left.
You didn't know any spells.
Your spell library contained the following spells:

 Spells                   Type           Power      Damage    Failure   Level
 Corona                   Hex            0%         N/A       100%        1
 Freeze                   Ice            0%         1d3       100%        1
 Pain                     Necr           0%         1d4       100%        1
 Shock                    Conj/Air       0%         1d3       100%        1
 Summon Small Mammal      Summ           0%         N/A       100%        1
 Corpse Rot               Necr/Air       N/A        N/A       100%        2
 Ensorcelled Hibernation  Hex/Ice        0%         N/A       100%        2
 Passwall                 Tmut/Erth      0%         N/A       100%        2
 Poisonous Vapours        Pois/Air       0%         N/A       100%        2
 Static Discharge         Conj/Air       0%         N/A       100%        2
 Sublimation of Blood     Necr           0%         N/A       100%        2
 Call Canine Familiar     Summ           0%         N/A       100%        3
 Conjure Flame            Conj/Fire      0%         6-21      100%        3
 Dazzling Flash           Conj/Hex       0%         N/A       100%        3
 Frozen Ramparts          Ice            0%         1d2       100%        3
 Gell's Gravitas          Tloc           0%         N/A       100%        3
 Ignite Poison            Fire/Tmut/Pois 0%         N/A       100%        3
 Inner Flame              Hex/Fire       0%         N/A       100%        3
 Lesser Beckoning         Tloc           0%         N/A       100%        3
 Summon Guardian Golem    Hex/Summ       0%         N/A       100%        3
 Swiftness                Air            0%         N/A       100%        3
 Teleport Other           Tloc           0%         N/A       100%        3
 Tukima's Dance           Hex            0%         N/A       100%        3
 Airstrike                Air            0%         N/A       100%        4
 Animate Armour           Summ/Erth      0%         N/A       100%        4
 Animate Dead             Necr           0%         N/A       100%        4
 Cause Fear               Hex            0%         N/A       100%        4
 Dispel Undead            Necr           0%         3d6       100%        4
 Hailstorm                Conj/Ice       0%         3d3       100%        4
 Ice Form                 Ice/Tmut       0%         N/A       100%        4
 Iskenderun's Mystic Bla  Conj/Tloc      0%         2d3       100%        4
 Sticky Flame             Conj/Fire      0%         2d3       100%        4
 Summon Ice Beast         Ice/Summ       0%         N/A       100%        4
 Agony                    Necr           0%         N/A       100%        5
 Blade Hands              Tmut           0%         N/A       100%        5
 Excruciating Wounds      Necr           0%         N/A       100%        5
 Freezing Cloud           Conj/Ice/Air   0%         6-21      100%        5
 Lightning Bolt           Conj/Air       0%         1d11      100%        5
 Invisibility             Hex            0%         N/A       100%        6
 Iron Shot                Conj/Erth      0%         9d1       100%        6
 Simulacrum               Ice/Necr       0%         N/A       100%        6
 Starburst                Conj/Fire      0%         6d3       100%        6
 Borgnjor's Revivificati  Necr           0%         N/A       100%        8
 Discord                  Hex            0%         N/A       100%        8
 Infestation              Necr           0%         N/A       100%        8
 Maxwell's Capacitive Co  Air            0%         ∞         100%        8
 Necromutation            Tmut/Necr      0%         N/A       100%        8
 Death's Door             Necr           0%         N/A       100%        9


Dungeon Overview and Level Annotations

Branches:
Dungeon (15/15)            Temple (1/1) D:4            Lair (6/6) D:8
  Swamp (4/4) Lair:2        Snake (4/4) Lair:4        Slime (0/5) Lair:5
    Orc (2/2) D:12            Elf (3/3) Orc:2        Vaults (4/5) D:13
  Crypt (0/3) Vaults:2     Depths (1/5) D:15         Bailey (visited)

Altars:
Ashenzari
Cheibriados
Dithmenos
Elyvilon
Fedhas
Gozag
Hepliaklqana
Kikubaaqudgha
Makhleb
Nemelex Xobeh
Okawaru
Qazlal
Ru
Sif Muna
Trog
Uskayaw
Vehumet
Wu Jian
Xom
Yredelemnul
Zin
The Shining One
Beogh
Jiyva

Shops:
D:9 =   Orc:2 [(*[(   Elf:1 ((   Elf:2 [   Snake:1 *

Portals:
Hell: Depths:1
Abyss: Depths:1
Trove: D:15 (give 4 scrolls of blinking)

Annotations:
D:9 exclusion: upstairs
Lair:1 exclusion: oklob plant
Lair:5 1 runed translucent door
Lair:6 1 runed translucent door, exclusion: 2 oklob plants, Urug
Snake:3 2 transporters, monk26's ghost, adept HuHu
Vaults:4 Sojobo
Depths:1 Nikola


Innate Abilities, Weirdness & Mutations

You have a pair of large horns on your head.
You have an unnaturally thin skeletal structure. (Dex +6, Stealth+++)
A demonic guardian rushes to your aid.
A meltable icy envelope protects you from harm. (AC +8)
A meltable shield of frost defends you. (SH +4)
Your presence sometimes corrodes those you injure.
You are strong-willed. (Will+)
You occasionally shout uncontrollably at your foes.
Your spells are a little harder to cast, but a little more powerful.


Message History

Unknown command.
Unknown command.
Unknown command.
Okay, then.
Level annotation: Sojobo Welcome back, emme the Demonspawn Gladiator.
Okawaru says: Bring me glory in combat!
Press ? for a list of commands and other information.
Press: ? - help, v - describe, . - travel
Here: a dread lich The floor.
Unknown command.
As you read the scroll of teleportation, it crumbles to dust.
You feel strangely unstable.
The ironbound convoker shouts!
The torpor snail changes into a shock serpent!
The shock serpent changes into a two-headed ogre!
The ironbound convoker gestures at the stone giant while chanting.
The stone giant seems to grow stronger.
The vault warden activates a sealing rune.
The doors slam shut!
The sphinx hits you but does no damage. The sphinx closely misses you.
The sphinx misses you.
The frost giant hits you but does no damage.
Unknown command.
You slash the dread lich!
The dread lich is lightly damaged.
You feel yourself speed up.
You block the sphinx's attack. x3; The ironbound convoker drinks a potion.
The ironbound convoker flickers and vanishes!
Deactivating autopickup; reactivate with Ctrl-A.
The frost giant hits you with a +1 battleaxe of freezing!!
* * * LOW HITPOINT WARNING * * *
The frost giant freezes you.
* * * LOW HITPOINT WARNING * * *
The dread lich touches you but does no damage.
The phantasmal warrior blinks!
Unknown command.
You feel much better.
The sphinx hits you but does no damage. x3
The stone giant hits you!!
You die...

... '# #.W #.##
#9p ##...## G
#p.##.....##
..#''#.......#.
..'..+.O.....+)
p.'..+LHC....+[
#C@W{...#
##.....##
##...## #.## ##


You could see a dread lich, a frost giant, a sphinx, a stone giant (strong), a
two-headed ogre shaped shifter and a phantasmal warrior.

Vanquished Creatures
  Boris (Vaults:3)
  Frederick (Vaults:4)
  Vashnia (Snake:3)
  Saint Roka (Orc:2)
  A tentacled monstrosity (Swamp:4)
  A lich (Vaults:1)
  2 deep elf master archers
  A titan (Depths:1)
  6 deep elf blademasters
  A sphinx (Vaults:2)
  Gastronok (D:8)
  Agnes (D:14)
  3 thorn hunters (Swamp:4)
  4 nagarajas (Snake:4)
  A fenstrider witch (Swamp:2)
  6 deep elf sorcerers
  A fire giant (Vaults:3)
  7 vault wardens
  A frost giant (Depths:1)
  2 orc warlords
  15 ironbound preservers
  A war gargoyle (Vaults:1)
  2 deep elf elementalists
  2 very ugly things (Depths:1)
  5 stone giants
  2 deep elf demonologists (Elf:2)
  A vampire knight (Depths:1)
  Nessos (Lair:4)
  3 dire elephants
  3 bunyips
  An entropy weaver (Vaults:1)
  3 deep elf annihilators (Elf:3)
  4 deep elf death magi
  A fire dragon (Lair:6)
  6 eleionomae
  3 deep elf high priests
  Josephine (D:15)
  7 yaktaur captains
  3 ettins
  A shambling mangrove (Swamp:3)
  3 great orbs of eyes
  4 salamander tyrants
  5 ironbound thunderhulks
  14 naga warriors
  A servant of whispers (Vaults:2)
  2 rakshasas (Depths:1)
  4 ice dragons
  7 vault guards
  A boulder beetle (D:12)
  7 ironbound frosthearts
  4 ogre magi
  31 hydras
  A peacekeeper (Vaults:1)
  7 centaur warriors
  8 alligators
  3 tengu warriors (D:15)
  10 anacondas
  37 dancing weapons
  9 two-headed ogres
  A catoblepas (Lair:5)
  A deep troll shaman (Depths:1)
  2 orc high priests (Orc:2)
  3 deep troll earth magi (Depths:1)
  8 death yaks
  11 naga sharpshooters
  7 ironbound beastmasters
  A spriggan berserker (Swamp:4)
  7 shock serpents
  14 deep elf knights
  4 salamander mystics
  A glowing orange brain (Depths:1)
  5 bog bodies
  32 deep trolls
  12 ironbound convokers
  3 naga ritualists
  3 spriggan druids
  3 wizards
  15 swamp dragons
  12 deep elf archers
  12 lindwurms
  8 mana vipers
  23 deep elf zephyrmancers
  A phantasmal warrior (Vaults:1)
  30 deep elf pyromancers
  2 necromancers
  11 orc knights
  5 cyclopes
  A wolf spider (Lair:6)
  32 ugly things
  6 orc sorcerers
  23 salamanders
  A faun (shapeshifter) (Elf:1)
  A manticore (shapeshifter) (Vaults:3)
  3 will-o-the-wisps
  3 guardian serpents
  38 black mambas
  18 vault sentinels
  A guardian serpent (shapeshifter) (Vaults:1)
  Joseph (D:8)
  A gargoyle (D:14)
  7 elephants
  8 cane toads
  25 naga magi
  7 torpor snails
  2 unseen horrors
  2 tengu conjurers (D:15)
  A rime drake (shapeshifter) (Elf:2)
  24 yaktaurs
  An unseen horror (shapeshifter) (Elf:3)
  3 kobold demonologists
  A yaktaur zombie (Vaults:3)
  3 rime drakes
  11 komodo dragons
  A yaktaur (shapeshifter) (Elf:1)
  2 polar bears
  A jumping spider (Vaults:1)
  2 bloated husks
  13 trolls
  2 saltlings (Vaults:2)
  9 hornets
  16 blink frogs
  Prince Ribbit (D:9)
  A merfolk (shapeshifter) (Vaults:2)
  30 slime creatures
  7 tyrant leeches
  15 dream sheep
  7 wraiths
  A shadow (D:11)
  A redback (Vaults:1)
  4 spriggans
  2 vampires (D:12)
  40 yaks
  3 wyverns
  A water elemental (Elf:2)
  19 humans (D:13)
  3 fire elementals
  4 basilisks
  4 fire bats (Lair:4)
  6 vampire mosquitoes
  2 steam dragons
  Eustachio (D:4)
  Grum (Lair:1)
  A swamp worm (shapeshifter) (Elf:2)
  20 swamp worms
  9 wargs
  An acid dragon (Lair:6)
  45 nagas
  11 water moccasins
  14 swamp drakes
  54 orc warriors
  3 sky beasts
  An ice beast (D:8)
  An ettin simulacrum (Vaults:3)
  A black bear (Lair:3)
  7 necrophages
  22 ogres
  22 wolves
  14 centaurs
  3 human zombies (Vaults:3)
  17 bullfrogs
  7 kobold brigands
  3 gnoll sergeants
  A scorpion (D:5)
  2 earth elementals
  A wyvern skeleton (D:7)
  8 killer bees (D:9)
  7 wights (D:8)
  13 howler monkeys
  7 electric eels
  2 centaur zombies
  15 hounds
  A jelly (D:5)
  20 orc priests
  Crazy Yiuf (D:4)
  2 centaur skeletons
  A gnoll shaman (D:5)
  4 iguanas
  Terence (D:2)
  Natasha (D:2)
  24 orc wizards
  A hound skeleton (D:5)
  A howler monkey zombie (D:9)
  13 gnolls
  10 adders
  A white imp (D:7)
  An ufetubus (D:5)
  An adder skeleton (D:4)
  2 worms
  5 dart slugs
  84 orcs
  7 bats
  5 endoplasms
  5 giant cockroaches
  13 goblins
  7 hobgoblins
  14 kobolds
  6 quokkas
  7 ball pythons
  2 frilled lizards
  4 rats
1482 creatures vanquished.

Vanquished Creatures (collateral kills)
  Aizul (Snake:1)
  A vault warden (Vaults:3)
  An ironbound preserver (Vaults:2)
  An ironbound thunderhulk (Vaults:1)
  2 hydras
  A naga warrior (Snake:2)
  3 death yaks
  A tengu warrior (Depths:1)
  A deep elf knight (Elf:1)
  A swamp dragon (Swamp:2)
  A goliath frog (Swamp:2)
  2 deep elf archers
  2 lindwurms
  2 naga ritualists
  A glowing orange brain (Vaults:3)
  A deep elf pyromancer (Elf:2)
  A deep elf zephyrmancer (Elf:2)
  A salamander (Snake:4)
  2 elephants (Lair:4)
  3 cane toads
  A rime drake (Lair:4)
  2 yaktaurs (Vaults:3)
  2 hornets (Lair:6)
  3 blink frogs (Lair:4)
  2 dream sheep (Lair:6)
  4 yaks
  A steam dragon (Lair:6)
  A basilisk (Lair:1)
  2 nagas
  An acid dragon (D:8)
  A swamp worm (Swamp:3)
  An orc warrior (Orc:2)
  A swamp drake (Lair:6)
  A wolf (Lair:1)
  A phantom (D:5)
  A kobold brigand (D:8)
  A bullfrog (D:7)
  A gnoll sergeant (D:6)
  A howler monkey (D:6)
  A jelly (D:6)
  A hound (D:8)
  2 orc priests
  2 iguanas (D:6)
  2 gnolls (D:6)
  A howler monkey skeleton (D:6)
  A white imp (D:5)
  A hobgoblin (D:4)
  A kobold (D:8)
69 creatures vanquished.

Vanquished Creatures (others)
  A deep elf knight (Elf:2)
  A deep troll (Vaults:3)
  5 bloated husks
  6 slime creatures
  An iguana (Lair:6)
  3 kobolds (D:8)
  A bush (Lair:6)
  16 foxfires
  42 fungi
  94 plants
170 creatures vanquished.

Grand Total: 1721 creatures vanquished

Notes
Turn   | Place    | Note
-------+----------+-------------------------------------------
     0 | D:1      | emme the Demonspawn Gladiator began the quest for the Orb.
     0 | D:1      | Reached XP level 1. HP: 16/16 MP: 1/1
   276 | D:1      | Gained mutation: You have a pair of small horns on your
                  | head. [demonic ancestry]
   276 | D:1      | Reached XP level 2. HP: 19/22 MP: 2/2
  1065 | D:1      | Gained mutation: You have a somewhat thin skeletal
                  | structure. (Dex +2, Stealth+) [demonic ancestry]
  1065 | D:1      | Reached XP level 3. HP: 28/28 MP: 3/3
  1638 | D:2      | Noticed Terence
  1655 | D:2      | Killed Terence
  1656 | D:2      | Gained mutation: A weak demonic guardian rushes to your
                  | aid. [demonic ancestry]
  1656 | D:2      | Reached XP level 4. HP: 17/34 MP: 4/4
  2115 | D:2      | Found a faded altar of an unknown god.
  2134 | D:2      | Noticed Natasha
  2138 | D:2      | Killed Natasha
  2139 | D:2      | Reached skill level 1 in Armour
  2464 | D:3      | Reached XP level 5. HP: 39/39 MP: 5/5
  3278 | D:4      | Reached skill level 1 in Stealth
  3605 | D:4      | Found a staircase to the Ecumenical Temple.
  3617 | Temple   | Entered the Ecumenical Temple
  3752 | D:4      | Gained mutation: A meltable shield of frost defends you.
                  | (SH +4) [demonic ancestry]
  3752 | D:4      | Reached XP level 6. HP: 41/46 MP: 6/6
  3986 | D:4      | Found a runed translucent door.
  4053 | D:4      | Noticed Crazy Yiuf
  4291 | D:4      | Noticed Eustachio
  4307 | D:4      | Killed Eustachio
  4308 | D:4      | Reached skill level 5 in Axes
  4377 | D:4      | Found an iron altar of Okawaru.
  4424 | D:4      | Became a worshipper of Warmaster Okawaru
  4616 | D:5      | Entered Level 5 of the Dungeon
  4638 | D:5      | Gained mutation: A demonic guardian rushes to your aid.
                  | [demonic ancestry]
  4638 | D:5      | Reached XP level 7. HP: 42/52 MP: 7/7
  5150 | D:5      | Reached * piety under Okawaru
  6016 | D:5      | Reached XP level 8. HP: 30/60 MP: 8/8
  6250 | D:4      | Killed Crazy Yiuf
  6946 | D:6      | Reached ** piety under Okawaru
  6971 | D:6      | Noticed a troll
  7181 | D:6      | Killed a troll
  7182 | D:6      | Reached skill level 5 in Fighting
  7308 | D:6      | Found a bloodstained altar of Trog.
  7371 | D:6      | Noticed a kobold demonologist
  7550 | D:7      | Gained mutation: You have a moderately thin skeletal
                  | structure. (Dex +4, Stealth++) [demonic ancestry]
  7550 | D:7      | Reached XP level 9. HP: 5/68 MP: 9/9
  8250 | D:6      | Noticed a hellwing
  8255 | D:6      | Killed a kobold demonologist
  8337 | D:6      | Reached *** piety under Okawaru
  9341 | D:6      | Reached skill level 5 in Dodging
  9519 | D:6      | Reached skill level 5 in Armour
  9840 | D:6      | Identified the +8 great sword of Cielueti {vorpal, rC+ rN+
                  | SInv}
 10230 | D:6      | Reached skill level 1 in Long Blades
 10267 | D:6      | Reached **** piety under Okawaru
 10283 | D:6      | Gained mutation: A meltable icy envelope protects you from
                  | harm. (AC +8) [demonic ancestry]
 10283 | D:6      | Reached XP level 10. HP: 39/77 MP: 10/10
 10995 | D:6      | Found a hazy altar of Hepliaklqana.
 11821 | D:7      | Found a basalt altar of Yredelemnul.
 12051 | D:8      | Noticed Gastronok
 12070 | D:8      | Killed Gastronok
 12070 | D:8      | Received a gift from Okawaru
 12070 | D:8      | Reached ***** piety under Okawaru
 12071 | D:8      | Reached skill level 2 in Long Blades
 12071 | D:8      | Reached skill level 10 in Axes
 12671 | D:8      | Reached skill level 3 in Long Blades
 13193 | D:8      | Found a staircase to the Lair.
 13603 | D:8      | Noticed Joseph
 13636 | D:8      | Killed Joseph
 13636 | D:8      | Received a gift from Okawaru
 14371 | D:8      | Gained mutation: You have a pair of horns on your head.
                  | [demonic ancestry]
 14371 | D:8      | Reached XP level 11. HP: 20/86 MP: 11/11
 14759 | D:8      | Found a shimmering blue altar of Sif Muna.
 15393 | D:9      | Received a gift from Okawaru
 15394 | D:9      | Reached skill level 4 in Long Blades
 15620 | D:9      | Noticed Prince Ribbit
 15623 | D:9      | Identified the +2 mace of Internal Strife {distort, Dex+6}
 15635 | D:9      | Killed Prince Ribbit
 16195 | D:9      | Found Kygiron's Jewellery Shop.
 16271 | D:10     | Entered Level 10 of the Dungeon
 16336 | D:10     | Noticed a sun demon
 16339 | D:10     | Reached skill level 5 in Long Blades
 16453 | D:10     | Reached skill level 6 in Long Blades
 16501 | D:10     | Found a broken altar of Ashenzari.
 16563 | D:10     | Found a shadowy altar of Dithmenos.
 17035 | D:11     | Noticed a two-headed ogre
 17036 | D:11     | Noticed a two-headed ogre
 17037 | D:11     | Noticed an ogre mage
 17072 | D:11     | Killed a two-headed ogre
 17075 | D:11     | Reached skill level 7 in Long Blades
 17076 | D:11     | Killed an ogre mage
 17094 | D:11     | Received a gift from Okawaru
 17111 | D:11     | Killed a two-headed ogre
 17135 | D:11     | Reached skill level 8 in Long Blades
 17217 | D:11     | Noticed a cyan ugly thing
 17225 | D:11     | Killed a cyan ugly thing
 17615 | D:11     | Reached XP level 12. HP: 95/95 MP: 12/12
 17650 | D:11     | Found a frozen archway.
 18111 | Lair:1   | Entered Level 1 of the Lair of Beasts
 18254 | Lair:1   | Noticed an eight-headed hydra
 18464 | Lair:2   | Reached skill level 9 in Long Blades
 18484 | Lair:2   | Found a staircase to the Swamp.
 18534 | Lair:2   | Reached ****** piety under Okawaru
 18681 | Lair:2   | Noticed a six-headed hydra
 18687 | Lair:2   | Reached skill level 10 in Long Blades
 18848 | D:7      | Killed an eight-headed hydra
 18848 | D:7      | Received a gift from Okawaru
 18951 | Lair:2   | Killed a six-headed hydra
 19024 | Lair:2   | Noticed a death yak
 19025 | Lair:2   | Noticed a four-headed hydra
 19052 | Lair:1   | Killed a death yak
 19178 | Lair:1   | Noticed Grum
 19192 | Lair:1   | Killed Grum
 19708 | Lair:2   | Reached skill level 10 in Fighting
 19943 | Lair:2   | Noticed a death yak
 19943 | Lair:2   | Noticed a death yak
 19947 | Lair:2   | Noticed a death yak
 19957 | Lair:1   | Killed a five-headed hydra
 20022 | Lair:2   | Noticed a death yak
 20023 | Lair:2   | Noticed a death yak
 20038 | Lair:2   | Killed a death yak
 20038 | Lair:2   | Received a gift from Okawaru
 20039 | Lair:2   | Reached skill level 1 in Evocations
 20047 | Lair:2   | Killed a death yak
 20051 | Lair:2   | Killed a death yak
 20052 | Lair:2   | Reached skill level 11 in Long Blades
 20053 | Lair:2   | Killed a death yak
 20057 | Lair:2   | Killed a death yak
 20257 | Lair:3   | Noticed a five-headed hydra
 20266 | Lair:2   | Reached XP level 13. HP: 84/104 MP: 13/13
 20506 | Lair:3   | Identified the +10 long sword of True Grit {vorpal, Will+
                  | Int+3 Stlth+}
 20811 | Lair:3   | Reached skill level 5 in Stealth
 21540 | Lair:4   | Received a gift from Okawaru
 21563 | Lair:4   | Noticed Nessos
 21572 | Lair:4   | Killed Nessos
 21573 | Lair:4   | Reached skill level 12 in Long Blades
 22061 | Lair:4   | Found a staircase to the Snake Pit.
 22150 | Lair:4   | Received a gift from Okawaru
 22291 | Lair:5   | Found a runed translucent door.
 22291 | Lair:5   | Found a viscous altar of Jiyva.
 22291 | Lair:5   | Noticed an azure jelly
 22292 | Lair:5   | Noticed an azure jelly
 22416 | Lair:5   | Received a gift from Okawaru
 22484 | Lair:5   | Reached skill level 13 in Long Blades
 22678 | Lair:5   | Gained mutation: A meltable icy envelope protects you from
                  | harm. (AC +8) [demonic ancestry]
 22678 | Lair:5   | Reached XP level 14. HP: 95/113 MP: 14/14
 23237 | Lair:5   | Found a staircase to the Slime Pits.
 23509 | Lair:6   | Entered Level 6 of the Lair of Beasts
 23550 | Lair:6   | Identified the +8 scale mail "Apry" {+Inv Will++ MP-9
                  | Str+4}
 23676 | Lair:6   | Reached skill level 14 in Long Blades
 23677 | Lair:6   | Identified the +7 triple sword of Purpose {vorpal, +Blink
                  | rPois Int+4 Dex+3} (Okawaru gifted it to you on level 6 of
                  | the Lair of Beasts)
 23677 | Lair:6   | Received a gift from Okawaru
 23889 | Lair:6   | Noticed Urug
 24092 | Lair:6   | Found a runed translucent door.
 25470 | D:12     | Reached skill level 15 in Long Blades
 25471 | D:12     | Received a gift from Okawaru
 25615 | D:12     | Found a staircase to the Orcish Mines.
 26115 | Orc:1    | Entered Level 1 of the Orcish Mines
 26137 | Orc:1    | Received a gift from Okawaru
 26391 | Orc:2    | Entered Level 2 of the Orcish Mines
 26579 | Orc:1    | Found an iron altar of Okawaru.
 26583 | Orc:1    | Reached XP level 15. HP: 122/122 MP: 6/15
 26835 | Orc:2    | Found a staircase to the Elven Halls.
 27219 | Orc:2    | Found Onimnynk's Assorted Antiques.
 27272 | Orc:2    | Found Ferchuuti's Weapon Shop.
 27277 | Orc:2    | Found Ulisk's Armour Shop.
 27867 | Orc:2    | Noticed Saint Roka
 28479 | Orc:2    | HP: 6/122 [Saint Roka/divine providence (12)]
 28753 | Orc:2    | Found Tamm's Antique Weapon Emporium.
 28843 | Orc:2    | Killed Saint Roka
 28844 | Orc:2    | Reached skill level 16 in Long Blades
 28844 | Orc:2    | Reached skill level 1 in Invocations
 28922 | Orc:2    | Found Amenwuoxyr's Antique Armour Shoppe.
 28936 | Orc:2    | Bought a runed cloak for 187 gold pieces
 28948 | Orc:2    | Bought a runed hat for 175 gold pieces
 29294 | Orc:2    | Bought a metallic emerald potion for 22 gold pieces
 29294 | Orc:2    | Bought a fuming blue potion for 22 gold pieces
 29294 | Orc:2    | Bought a fuming blue potion for 22 gold pieces
 29294 | Orc:2    | Bought a pair of glowing boots for 187 gold pieces
 29703 | D:13     | Received a gift from Okawaru
 29724 | D:13     | Found a gate to the Vaults.
 30316 | D:13     | Identified the +7 triple sword "Xeketiff" {speed, rCorr
                  | Str-5 Stlth+} (Okawaru gifted it to you on level 13 of the
                  | Dungeon)
 30316 | D:13     | Received a gift from Okawaru
 30359 | D:14     | Found a flagged portal.
 30378 | Bailey   | Entered a bailey
 30826 | Bailey   | Found the +8 frozen axe "Frostbite" {freezing cloud, *Noise
                  | Fly rC+}
 31238 | D:14     | Found a hide-covered altar of Uskayaw.
 31241 | D:14     | Found a stormy altar of Qazlal.
 31241 | D:14     | Found a shimmering altar of Xom.
 31243 | D:14     | Found a bloodstained altar of Trog.
 31243 | D:14     | Found a broken altar of Ashenzari.
 31243 | D:14     | Found an iron altar of Okawaru.
 31700 | D:15     | Entered Level 15 of the Dungeon
 31700 | D:15     | Noticed Josephine
 31700 | D:15     | Noticed Agnes
 31712 | D:14     | Killed Agnes
 31737 | D:15     | Killed Josephine
 31737 | D:15     | Received a gift from Okawaru
 31861 | D:15     | Found a radiant altar of Vehumet.
 31929 | D:15     | Gained mutation: You have a pair of large horns on your
                  | head. [demonic ancestry]
 31929 | D:15     | Reached XP level 16. HP: 107/133 MP: 8/17
 32098 | D:15     | Found a staircase to the Depths.
 32136 | D:15     | Found a portal to a secret trove of treasure.
 32604 | D:15     | Acquired the +17 crystal plate armour of Egriafoc {Will++}
 32900 | Swamp:1  | Entered Level 1 of the Swamp
 32924 | Swamp:1  | Reached skill level 17 in Long Blades
 33675 | Swamp:2  | Identified the +9 arbalest of emme's Action {vorpal, *Slow
                  | rC++} (Okawaru gifted it to you on level 2 of the Swamp)
 33675 | Swamp:2  | Received a gift from Okawaru
 33989 | Swamp:2  | Reached skill level 15 in Fighting
 34549 | Swamp:3  | Received a gift from Okawaru
 34766 | Swamp:3  | Received a gift from Okawaru
 34948 | Swamp:3  | Paralysed by a hornet for 1 turns
 35384 | Snake:1  | Entered Level 1 of the Snake Pit
 35941 | Snake:1  | Noticed Aizul
 35957 | Snake:1  | Killed Aizul
 35957 | Snake:1  | Received a gift from Okawaru
 36164 | Snake:1  | Gained mutation: You have an unnaturally thin skeletal
                  | structure. (Dex +6, Stealth+++) [demonic ancestry]
 36164 | Snake:1  | Reached XP level 17. HP: 144/144 MP: 18/18
 36213 | Snake:1  | Found Uqeday's General Store.
 36221 | Snake:1  | Bought a potion of heal wounds for 60 gold pieces
 36221 | Snake:1  | Bought a potion of heal wounds for 60 gold pieces
 36221 | Snake:1  | Bought a scroll of teleportation for 36 gold pieces
 36221 | Snake:1  | Bought a scroll of blinking for 90 gold pieces
 37006 | Snake:2  | Received a gift from Okawaru
 37592 | Snake:2  | Found a basalt altar of Yredelemnul.
 37929 | Snake:3  | Noticed Vashnia
 38386 | Snake:3  | Found a transporter.
 38391 | Snake:3  | Found a bloodstained altar of Trog.
 38391 | Snake:3  | Noticed monk26's ghost (adept HuHu)
 38463 | Snake:3  | Found a transporter.
 38511 | Snake:3  | HP: 7/145 [naga (38)]
 38514 | Snake:3  | HP: 3/145 [naga (15)]
 38899 | Snake:3  | Killed Vashnia
 38899 | Snake:3  | Received a gift from Okawaru
 39369 | Snake:3  | Reached skill level 10 in Armour
 39966 | Elf:1    | Entered Level 1 of the Elven Halls
 40518 | D:9      | Bought a ring of protection from fire for 275 gold pieces
 40730 | Elf:1    | Received a gift from Okawaru
 40834 | Elf:1    | Found Tiocadet's Antique Weapon Boutique.
 40839 | Elf:1    | Found Zecuk's Antique Weapon Shop.
 41060 | Elf:1    | Found an ancient bone altar of Kikubaaqudgha.
 41391 | Elf:1    | Reached XP level 18. HP: 132/155 MP: 19/19
 41472 | Elf:2    | Received a gift from Okawaru
 42877 | Swamp:4  | Entered Level 4 of the Swamp
 42891 | Swamp:4  | Noticed a tentacled monstrosity
 42903 | Swamp:4  | Killed a tentacled monstrosity
 43091 | Swamp:3  | Reached skill level 18 in Long Blades
 43787 | Swamp:4  | Identified the +5 chain mail of Osso {Str+2 Int+3} (Okawaru
                  | gifted it to you on level 4 of the Swamp)
 43787 | Swamp:4  | Received a gift from Okawaru
 44198 | Swamp:4  | Got a decaying rune of Zot
 44711 | Vaults:1 | Entered Level 1 of the Vaults
 45435 | Depths:1 | Entered Level 1 of the Depths
 45658 | Depths:1 | Found a gateway to Hell.
 45719 | Depths:1 | Found a one-way gate to the infinite horrors of the Abyss.
 45782 | Depths:1 | Reached XP level 19. HP: 146/165 MP: 20/20
 45824 | Depths:1 | Received a gift from Okawaru
 45986 | Depths:1 | Identified the +0 pair of gloves of Negligence {Contam rN++
                  | Str+5}
 45986 | Depths:1 | Noticed Nikola
 46069 | Depths:1 | HP: 1/165 [Nikola/arc of chain lightning (65)]
 46445 | Snake:1  | Gained mutation: Your body sometimes deteriorates upon
                  | taking damage. [potion of mutation]
 46445 | Snake:1  | Gained mutation: You expend magic power (3 MP) to
                  | strengthen your wands. [potion of mutation]
 46446 | Snake:1  | Lost mutation: Your body sometimes deteriorates upon taking
                  | damage. [potion of mutation]
 46446 | Snake:1  | Lost mutation: You expend magic power (3 MP) to strengthen
                  | your wands. [potion of mutation]
 46446 | Snake:1  | Gained mutation: You occasionally shout uncontrollably at
                  | your foes. [potion of mutation]
 46446 | Snake:1  | Gained mutation: You are strong-willed. (Will+) [potion of
                  | mutation]
 46446 | Snake:1  | Gained mutation: Your spells are a little harder to cast,
                  | but a little more powerful. [potion of mutation]
 46686 | Snake:4  | Entered Level 4 of the Snake Pit
 46692 | Snake:4  | Identified the +11 broad axe of a wizard's laboratory
                  | {freeze, Str+4 Int+3}
 47258 | Snake:4  | HP: 3/165 [nagaraja/poison arrow (22)]
 47281 | Snake:4  | HP: 7/165 [salamander (20)]
 47281 | Snake:4  | HP: 3/165 [salamander (4)]
 47608 | Snake:4  | Received a gift from Okawaru
 48508 | Snake:4  | Identified the +5 plate armour of Hairiness {Will+}
                  | (Okawaru gifted it to you on level 4 of the Snake Pit)
 48508 | Snake:4  | Received a gift from Okawaru
 49098 | Snake:4  | Got a serpentine rune of Zot
 49746 | Elf:2    | Found Ythro's Antique Armour Shoppe.
 49748 | Elf:2    | Reached skill level 19 in Long Blades
 49786 | Elf:2    | Found a runed translucent gate.
 49786 | Elf:2    | Found a runed translucent gate.
 49786 | Elf:2    | Found a runed translucent gate.
 50788 | Elf:3    | Entered Level 3 of the Elven Halls
 50837 | Elf:3    | Reached XP level 20. HP: 172/173 MP: 22/22
 51277 | Elf:3    | Identified the +5 battleaxe "Ydetuutz" {vorpal, Int+4}
                  | (Okawaru gifted it to you on level 3 of the Elven Halls)
 51277 | Elf:3    | Received a gift from Okawaru
 52256 | Elf:2    | Received a gift from Okawaru
 52307 | Elf:3    | Identified the +5 shortbow "Tuconeu" {freeze, rF- Will+
                  | Str+3 Dex+7}
 52763 | Elf:3    | Identified the +11 trident "Qunges" {drain, Will+}
 52763 | Elf:3    | Identified the +12 spear of Eternal Night {drain, Int+2}
 52942 | Elf:3    | Identified the +9 spear "Keffavan" {venom, rF+ Str-4 SInv}
 53713 | Elf:3    | Found the +7 great mace "Firestarter" {inner flame, rF++}
 53738 | Elf:3    | Identified the +2 scale mail "Ekhicvem" {rC+ rCorr Str-3}
 53749 | Elf:3    | Identified the +3 rapier "Beetlebane" {vorpal, *Slow rF+
                  | rCorr}
 53755 | Elf:3    | Identified the +8 lajatang of Impermanence {holy, rPois
                  | Int+2}
 53756 | Elf:3    | Identified the +0 cloak "Tasemu" {rC+ Will+}
 53787 | Elf:3    | Identified the +10 mace "Madiqui" {vorpal, rElec rC- Str+5
                  | SInv}
 53812 | Elf:3    | Got Imag Ebodych's Papyrus of Evil Feathers
 53824 | Elf:3    | Got the Disquisition on Black Magic
 55026 | Vaults:1 | Reached skill level 10 in Dodging
 55164 | Vaults:1 | Reached skill level 20 in Long Blades
 55588 | Vaults:1 | Received a gift from Okawaru
 56555 | Vaults:2 | Gained mutation: Your presence sometimes corrodes those you
                  | injure. [demonic ancestry]
 56555 | Vaults:2 | Reached XP level 21. HP: 141/183 MP: 23/23
 56669 | Vaults:2 | Received a gift from Okawaru
 57347 | Vaults:2 | Found a staircase to the Crypt.
 58548 | Vaults:3 | Noticed Boris
 58559 | Vaults:3 | Killed Boris
 59250 | Vaults:3 | Received a gift from Okawaru
 59452 | Vaults:3 | Reached skill level 21 in Long Blades
 60053 | Vaults:4 | Noticed Frederick
 60061 | Vaults:4 | Killed Frederick
 60089 | Vaults:4 | Noticed Sojobo
 60105 | Vaults:4 | Paralysed by an air elemental for 1 turns
 60109 | Vaults:4 | Noticed a dread lich
 60111 | Vaults:4 | HP: 6/184 [frost giant (5)]
 60112 | Vaults:4 | Slain by a stone giant

Illustrated notes

Levels and vault maps discovered:
D:1:      scummos_arrival_simple_fountains, layout_basic
D:2:      layout_loops_ring, shapermc_ecumenical_altar_mp_vishouse,
          uniq_terence, uniq_natasha
D:3:      layout_basic
D:4:      layout_loops_ring, marbit_many_paths, minmay_temple_entry_tees,
          uniq_crazy_yiuf_cottage, uniq_eustachio
D:5:      layout_cave_pods, kennysheep_another_room
D:6:      lemuel_castle_with_subvaults [lemuel_castle_interior_carwin_2],
          layout_basic, nzn_hepliaklqana_mist_gate, kennysheep_mini_moat,
          serial_park_tiny_1
D:7:      layout_cave_pools, tso_metal_star, mainiacjoe_overflow_catwalk
D:8:      layout_layer_cave, lemuel_blue_sif_altar, zin_scriptorium,
          erik_lair_island, uniq_joseph, uniq_gastronok
D:9:      cheibrodos_helix_gallery, layout_long_grid, elyvilon_altar_4,
          serial_shops, nicolae_lakefront_shop, uniq_prince_ribbit1
D:10:     layout_loops_ring, mainiacjoe_overflow_alcove_4,
          mainiacjoe_overflow_concentric_impassable
D:11:     layout_loops_ring, portal_ice_cave_entry_pillars_1,
          serial_co_window_serial, co_window_corner_a, co_window_paths_b,
          co_window_paths_b, co_window_of_opportunity_a, co_window_paths_a,
          co_window_cross_2, co_window_broadway_a, co_window_of_opportunity_b,
          co_window_sun, glass_columns_b, glass_columns_b, glass_columns_b,
          minmay_circle_x
D:12:     layout_cave_pods, orc_0_dummy
D:13:     layout_rooms, grunt_vaults_entry_tiered
D:14:     layout_layer_cave, enter_bailey_6, doesnt_xom_only_xom
D:15:     grunt_enter_depths_snipers, layout_basic,
          nicolae_trove_entry_diagonal, fiery_altar_vehumet, uniq_josephine,
          uniq_agnes
Temple:   nicolae_temple_x_marks_the_god
Lair:1:   layout_chaotic_city, small_statue_intersection, lemuel_fruit_tree,
          minmay_lair_oklob_chamber, uniq_grum
Lair:2:   layout_misc_corridors, nicolae_swamp_entry_splash_gauntlet
Lair:3:   layout_cave_pods, chequers_serial_rivers_small_3,
          roderic_carrion_pond, infiniplex_staircase_pool_2
Lair:4:   layout_gridlike, lemuel_centaur_altar, uniq_nessos
Lair:5:   wad_woods_structure_01, layout_long_grid, slime_altar_2, st_stairs_11,
          beast_lair_carwin_1
Lair:6:   guppyfry_lair_end_dragon, layout_regular_city, wormcave, uniq_urug
Swamp:1:  layout_basic_swamp, hangedman_swamp_pad
Swamp:2:  layout_basic_swamp, evilmike_swamp_ruin_rubble_1
Swamp:3:  nicolae_swamp_husk_halls, layout_basic_swamp,
          nicolae_swamp_round_clearing, swamp_pool1,
          nicolae_swamp_dragon_and_kin
Swamp:4:  swamp_basic_johnstein, layout_basic_swamp, swamp_pool2
Snake:1:  layout_layer_cave, serial_shops, shop, uniq_aizul
Snake:2:  layout_rooms, basic_altar
Snake:3:  layout_rooms, gammafunk_ghost_wrathful_warriors, uniq_vashnia
Snake:4:  snake_pit, layout_gridlike, st_stairs_5
Orc:1:    layout_caves, okawaru_metal_pillars_1_2
Orc:2:    grunt_orc_community_town_hall, layout_diamond_mine,
          grunt_orc_community_big_house_1, grunt_orc_community_big_house_1,
          grunt_orc_community_house_2, grunt_orc_community_house_1,
          grunt_orc_community_house_2, grunt_orc_community_house_3,
          serial_shops, shop, mines4_lemuel, uniq_saint_roka
Elf:1:    layout_loops_cross, basic_altar, kennysheep_underground_church,
          minmay_shoptagon
Elf:2:    nicolae_elf_blades_splatter_lattice
          [nicolae_blade_entry_sentries_behind_glass], layout_gridlike,
          serial_shops, shop_statue
Elf:3:    minmay_elf_hall, layout_onion_city, dk_noncrumbling_3
Vaults:1: st_star, v_misc_22, nicolae_vaults_rhombus_5, v_misc_30,
          vaults_dpeg_encased_lava, vaults_dpeg_diagonal,
          nicolae_vaults_puzzle_piece, v_alt_pattern_6, v_misc_8,
          hangedman_vaults_slice, v_misc_9, vaults_room_corners,
          vaults_room_stairs_pillars, layout_vaults_ring
Vaults:2: nicolae_vaults_circle_grid_a, minmay_crypt_entry_nasty_monster,
          vaults_room_pool, nicolae_vaults_hallways_thing,
          hangedman_vaults_capsules, v_misc_32, vaults_room_semicircle,
          nicolae_vaults_yaktaur_gun_rack, ontoclasm_vaults_chip,
          layout_vaults_chaotic_city, portal_desolation_entry_salt
Vaults:3: nicolae_vaults_rhombus_5, ontoclasm_vaults_chip,
          nicolae_vaults_little_squares_2, v_misc_28, v_pattern_5,
          nicolae_vaults_diagonal_hallway_6, hangedman_vaults_variations,
          vaults_room_corners, v_misc_14, layout_vaults_quadrants, uniq_boris
Vaults:4: st_greater_box_3, nicolae_vaults_bisected_exclaves, v_misc_26,
          vaults_dpeg_hooks, grunt_vaults_funnel, ontoclasm_vaults_idyll,
          nicolae_vaults_big_angled_halls, vaults_dpeg_spiral, v_misc_13,
          v_misc_9, serial_ice_m, layout_vaults_maze, uniq_sojobo,
          uniq_frederick
Depths:1: kennysheep_windowed_halls, layout_gridlike, abyss_entry, hell_entry,
          rand_demon_pan_entry_9, minmay_misc_feat_five,
          minmay_the_grid_square_5x5_3x3_mashed
          [minmay_the_grid_square_5x5_comb,
          minmay_the_grid_square_5x5_three_walls,
          minmay_the_grid_square_5x5_checkered_statues,
          minmay_the_grid_square_5x5_hourglass,
          minmay_the_grid_square_5x5_megaprize_crossed,
          minmay_the_grid_square_5x5_c, minmay_the_grid_square_5x5_lines,
          minmay_the_grid_square_5x5_beaten_path,
          minmay_the_grid_square_5x5_two], uniq_nikola

Skill      XL: |  1  2  3  4  5  6  7  8  9 10 11 12 13 14 15 16 17 18 19 20 21 |
---------------+----------------------------------------------------------------+-----
Dodging        | 3 4 5 6 7 8 9 10 11 | 11.7
Axes           | 3 4 5 6 7 9 10 11 12 13 | 13.5
Armour         | 1 2 3 4 5 6 7 8 10 12 13 14 | 14.8
Stealth        | 1 2 3 4 5 |  5.8
Fighting       | 3 4 5 6 8 9 10 11 12 14 16 17 18 19 20 | 20.6
Long Blades    | 1 3 8 11 13 15 16 17 18 19 20 21 | 21.2
Evocations     | 1 2 3 |  3.8
Invocations    | 1 2 3 |  3.3
Throwing       | |  1.7

Action                   |  1- 3 |  4- 6 |  7- 9 | 10-12 | 13-15 | 16-18 | 19-21 || total
-------------------------+-------+-------+-------+-------+-------+-------+-------++-------
Melee: War axe           |    82 |   130 |   340 |   155 |       |       |       ||   707
       Headbutt          |    10 |    34 |   126 |   210 |   432 |   369 |   493 ||  1674
       Falchion          |       |       |       |   265 |       |       |       ||   265
       Great sword       |       |       |       |   127 |   893 |   564 |   440 ||  2024
       Punch             |       |       |       |     2 |       |       |       ||     2
       Executioner's axe |       |       |       |       |    35 |   484 |   112 ||   631
       Triple sword      |       |       |       |       |    14 |       |   691 ||   705
Throw: Throwing net      |       |       |       |       |     1 |       |       ||     1
Invok: Heroism           |       |       |     3 |     6 |     9 |     8 |    16 ||    42
       Finesse           |       |       |       |       |     1 |     1 |     3 ||     5
Evoke: Wand              |       |       |       |    23 |    31 |     2 |     2 ||    58
  Use: Potion            |       |       |     1 |       |     3 |     2 |    13 ||    19
       Scroll            |       |       |       |    14 |    11 |    12 |    14 ||    51
 Stab: Sleeping          |     2 |    11 |     5 |    13 |    17 |     3 |       ||    51
       Distracted        |       |       |     2 |       |     5 |     3 |     4 ||    14
       Confused          |       |       |       |       |       |       |     1 ||     1
Armor: Leather armour    |    31 |    17 |       |       |       |       |       ||    48
       Ring mail         |       |     7 |   106 |    82 |       |       |       ||   195
       Troll leather arm |       |       |       |    86 |   129 |       |       ||   215
       Scale mail        |       |       |       |       |   346 |   211 |     8 ||   565
       Crystal plate arm |       |       |       |       |       |  1131 |  1514 ||  2645
Dodge: Dodged            |   117 |   135 |   345 |   700 |  1518 |   970 |   764 ||  4549
       Repelled          |       |       |       |       |       |       |     9 ||     9
Block: Other             |       |     2 |    75 |   124 |   268 |   261 |   210 ||   940
       Rpst.: Falchion   |       |       |       |    62 |       |       |       ||    62
       Great sword       |       |       |       |    60 |   329 |    80 |    41 ||   510
       Triple sword      |       |       |       |       |     2 |       |    73 ||    75
